 Dungeon Crawl Stone Soup version 0.20.1-1-g8b1a95d (webtiles) character file.

12415 Lavrengius the Brawler (level 11, -1/101 HPs)
             Began as a Troll Berserker on Oct 25, 2017.
             Was a High Priest of Trog.
             Slain by a hellwing (3 damage)
             ... summoned by a kobold demonologist
             ... on level 11 of the Dungeon.
             The game lasted 01:17:58 (8850 turns).

Lavrengius the Brawler (Troll Berserker)            Turns: 8850, Time: 01:17:59

Health: -1/101     AC:  5    Str: 28    XL:     11   Next: 62%
Magic:  10/10      EV: 12    Int:  4    God:    Trog [*****.]
Gold:   697        SH:  0    Dex: 10    Spells: 10/10 levels left

rFire    + . .     SeeInvis +     - Unarmed
rCold    + . .     Gourm    +   (no shield)
rNeg     . . .     Faith    .   a - +0 animal skin
rPois    .         Spirit   .   (helmet restricted)
rElec    .         Reflect  .   (no cloak)
rCorr    .         Harm     .   (gloves unavailable)
MR       ++...                  (boots unavailable)
Stlth    +.........             (no amulet)
Regen    1.7/turn               h - ring of protection from fire
MPRegen  0.2/turn               (no ring)

@: regenerating
A: unfitting armour, claws 3, see invisible, cold resistance 1, fast metabolism
3, gourmand, regeneration 1, shaggy fur 1, tough skin 2
a: Berserk, Trog's Hand, Brothers in Arms, Burn Spellbooks, Renounce Religion


You were on level 11 of the Dungeon.
You worshipped Trog.
Trog was extremely pleased with you.
You were very full.

You visited 2 branches of the dungeon, and saw 12 of its levels.

You collected 697 gold pieces.

Inventory:

Hand Weapons
 v - a +0 flail of protection
 A - a +1 dagger of venom
Armour
 a - a +0 animal skin (worn)
 s - a +0 robe
Jewellery
 h - a ring of protection from fire (left claw)
 k - an uncursed ring of poison resistance {unknown}
 B - an uncursed ring of protection from fire
 L - an uncursed amulet of regeneration {unknown}
Wands
 z - a wand of enslavement (24/24)
 K - a wand of flame (31/48)
 N - a wand of disintegration (9/24)
Scrolls
 c - a scroll of enchant armour {unknown}
 g - 5 scrolls of remove curse
 i - 3 scrolls of immolation
 j - 4 scrolls of identify
 p - 3 scrolls of amnesia
 q - 5 scrolls of teleportation
 t - 4 scrolls of random uselessness
 y - a scroll of fear
 D - 2 scrolls of recharging
 F - a scroll of enchant weapon
 G - 2 scrolls of magic mapping {unknown}
 H - a scroll of blinking {unknown}
 M - a scroll of silence {unknown}
Potions
 d - 2 potions of agility
 e - a potion of brilliance
 f - 2 potions of ambrosia
 m - 2 potions of lignification
 n - 3 potions of berserk rage {unknown}
 o - 2 potions of heal wounds
 w - 2 potions of mutation {unknown}
 x - a potion of cancellation {unknown}
 C - 2 potions of magic {unknown}
 E - 2 potions of curing
 J - a potion of flight {unknown}
Comestibles
 b - 9 bread rations
 l - 11 royal jellies
 r - 11 fruits
 u - 3 meat rations
 I - 2 chunks of flesh


   Skills:
 + Level 4.8 Fighting
 + Level 7.0 Dodging
 - Level 0.4 Stealth
 + Level 15.6 Unarmed Combat


You had 10 spell levels left.
You didn't know any spells.

Dungeon Overview and Level Annotations

Branches:
Dungeon (11/15)            Temple (1/1) D:4             Orc (0/2) D:9
   Lair: D:8-11

Altars:
Ashenzari
Cheibriados
Dithmenos
Elyvilon
Fedhas
Gozag
Hepliaklqana
Kikubaaqudgha
Makhleb
Nemelex Xobeh
Okawaru
Qazlal
Ru
Sif Muna
Trog
Uskayaw
Vehumet
Xom
Yredelemnul
Zin
The Shining One
Beogh

Shops:
D:7 (   D:9 (

Portals:
Trove: D:10 (give +7 demon trident)

Annotations:
D:11 Grum


Innate Abilities, Weirdness & Mutations

You are too large for most types of armour.
You have claws for hands.
Your metabolism is lightning-fast.
You like to eat raw meat.
Your natural rate of healing is unusually fast.
You are covered in fur. (AC +1)
You have very tough skin. (AC +2)
You have supernaturally acute eyesight. (SInv)
Your flesh is cold resistant. (rC+)


Message History

The hellwing hits you but does no damage.
The hellwing hits you.
* * * LOW HITPOINT WARNING * * *
You claw the hellwing! Your claw misses the hellwing.
The hellwing is moderately wounded.
The kobold demonologist gestures wildly while chanting.
The hellwing closely misses you. The hellwing hits you!
* * * LOW HITPOINT WARNING * * *
The red devil misses you.
You barely miss the hellwing.
The hellwing is lightly wounded.
The smoke demon gestures at you. Something smites you!
* * * LOW HITPOINT WARNING * * *
You scratch the hellwing but do no damage.
You claw the hellwing.
The hellwing is moderately wounded.
The kobold demonologist miscasts a cantrip.
The hellwing barely misses you. The hellwing hits you.
You die...

#.#
#.....)........#####.
#..
...##.#†######.......
# ##. #.#)# ########
.. #.#.# # ... #.# #
.... #.# # ....[ #.#
.....5######.#
#.34K@4..#
......g#######
....#.# .## #. #


You could see a hellwing, Grum, a kobold demonologist, a smoke demon, a red
devil and an iron imp.

Vanquished Creatures
  Erica (D:10)
  A two-headed ogre (D:9)
  Urug (D:10)
  The ghost of Gargoyl the Covered, a novice MiAK of Lugonu (D:6)
  Pikel (D:7)
  Psyche (D:8)
  Prince Ribbit (D:6)
  Grinder (D:6)
  A hippogriff (D:7)
  3 yaks (D:11)
  Menkaure (D:5)
  4 vampire mosquitoes
  Eustachio (D:5)
  Edmund (D:4)
  Duvessa (D:4)
  A black bear (D:7)
  3 sky beasts
  2 slaves (D:7)
  10 orc warriors
  3 ice beasts
  7 ogres
  A phantom (D:8)
  The ghost of Lavrengius the Ruffian, an amateur DrTm (D:3)
  2 centaurs
  4 wolves (D:11)
  A big kobold (D:8)
  5 bullfrogs
  A wyvern zombie (D:11)
  Dowan (D:4)
  2 scorpions (D:5)
  19 killer bees
  9 wights
  4 howler monkeys (D:9)
  3 centaur zombies
  3 crimson imps
  2 bullfrog zombies (D:11)
  7 orc priests
  2 jellies
  7 hounds
  3 centaur skeletons
  6 iguanas
  7 orc wizards
  10 worker ants
  2 hound skeletons
  A mummy (D:8)
  A howler monkey zombie (D:7)
  14 adders
  11 gnolls
  2 shadow imps
  An ooze (D:2)
  An adder zombie (D:8)
  A worm (D:4)
  A dart slug (D:2)
  4 leopard geckos
  66 orcs
  2 giant cockroaches
  8 hobgoblins
  2 jackals (D:3)
  5 quokkas
  A ball python (D:2)
  10 bats
  A frilled lizard (D:5)
  8 goblins
  A jackal skeleton (D:4)
  12 kobolds
  A leopard gecko skeleton (D:4)
  8 rats
310 creatures vanquished.

Vanquished Creatures (collateral kills)
  A queen bee (D:9)
1 creature vanquished.

Grand Total: 311 creatures vanquished

Notes
Turn   | Place    | Note
-------+----------+-------------------------------------------
     0 | D:1      | Lavrengius the Troll Berserker began the quest for the Orb.
     0 | D:1      | Reached XP level 1. HP: 22/22 MP: 0/0
   166 | D:1      | Reached XP level 2. HP: 24/29 MP: 1/1
   731 | D:2      | Reached XP level 3. HP: 36/36 MP: 2/2
   786 | D:2      | Reached ** piety under Trog
   999 | D:2      | Found a shattered altar of Ashenzari.
  1018 | D:2      | Reached XP level 4. HP: 34/44 MP: 3/3
  1264 | D:3      | Reached skill level 4 in Unarmed Combat
  1377 | D:3      | Found a white marble altar of Elyvilon.
  1510 | D:3      | Noticed Lavrengius's ghost (amateur DrTm)
  1521 | D:3      | Killed Lavrengius's ghost
  1521 | D:3      | Reached skill level 5 in Unarmed Combat
  1521 | D:3      | Reached XP level 5. HP: 30/53 MP: 4/4
  1692 | D:3      | Reached XP level 6. HP: 61/61 MP: 5/5
  1866 | D:4      | Noticed Edmund
  1886 | D:4      | Killed Edmund
  1886 | D:4      | Reached skill level 6 in Unarmed Combat
  2414 | D:4      | Found a staircase to the Ecumenical Temple.
  2446 | Temple   | Entered the Ecumenical Temple
  2677 | D:5      | Entered Level 5 of the Dungeon
  2743 | D:4      | Found a radiant altar of Vehumet.
  2776 | D:4      | Reached *** piety under Trog
  2839 | D:4      | Reached XP level 7. HP: 67/67 MP: 6/6
  2905 | D:4      | Reached skill level 7 in Unarmed Combat
  2954 | D:4      | Found a bloodstained altar of Trog.
  3234 | D:5      | Found a shadowy altar of Dithmenos.
  3258 | D:5      | Reached skill level 8 in Unarmed Combat
  3328 | D:5      | Noticed Eustachio
  3332 | D:5      | Killed Eustachio
  3332 | D:5      | Reached XP level 8. HP: 75/75 MP: 7/7
  3340 | D:5      | Noticed Menkaure
  3346 | D:5      | Killed Menkaure
  3500 | D:4      | Noticed Duvessa
  3501 | D:4      | Noticed Dowan
  3511 | D:4      | Killed Duvessa
  3511 | D:4      | Reached skill level 9 in Unarmed Combat
  3518 | D:4      | Killed Dowan
  3651 | D:5      | Found a sacrificial altar of Ru.
  3695 | D:6      | Noticed Gargoyl's ghost (novice MiAK)
  3700 | D:6      | Killed Gargoyl's ghost
  3700 | D:6      | Reached skill level 10 in Unarmed Combat
  3724 | D:6      | Gained mutation: You have supernaturally acute eyesight. (SInv) [mutagenic meat]
  3733 | D:6      | Noticed Grinder
  3734 | D:6      | Paralysed by Grinder for 2 turns
  3746 | D:6      | Killed Grinder
  3746 | D:6      | Reached XP level 9. HP: 76/83 MP: 8/8
  3978 | D:6      | Reached skill level 11 in Unarmed Combat
  4458 | D:6      | Found a stormy altar of Qazlal.
  4481 | D:6      | Noticed Prince Ribbit
  4487 | D:6      | Reached **** piety under Trog
  4490 | D:6      | Killed Prince Ribbit
  4819 | D:7      | Reached skill level 5 in Dodging
  4941 | D:7      | Reached skill level 12 in Unarmed Combat
  4982 | D:7      | Found a sacrificial altar of Ru.
  4984 | D:7      | Found a shimmering altar of Xom.
  4984 | D:7      | Found a bloodstained altar of Trog.
  4987 | D:7      | Found a shimmering altar of Xom.
  4987 | D:7      | Found a shimmering altar of Xom.
  4987 | D:7      | Found an opulent altar of Gozag.
  5060 | D:7      | Found Tutreug's Weapon Shoppe.
  5095 | D:7      | Found a glowing golden altar of the Shining One.
  5241 | D:7      | Noticed Pikel
  5258 | D:7      | Killed Pikel
  5258 | D:7      | Reached XP level 10. HP: 74/92 MP: 9/9
  5768 | D:8      | Reached skill level 13 in Unarmed Combat
  5790 | D:8      | Found a snail-covered altar of Cheibriados.
  5798 | D:8      | Noticed Psyche
  5827 | D:8      | Killed Psyche
  6146 | D:8      | Found a basalt altar of Yredelemnul.
  6235 | D:8      | Found a blossoming altar of Fedhas.
  6432 | D:8      | Found a roughly hewn altar of Beogh.
  6596 | D:9      | Found a staircase to the Orcish Mines.
  6598 | D:9      | Found Biunav's Weapon Shop.
  6606 | D:9      | Reached ***** piety under Trog
  6755 | D:9      | Found a bloodstained altar of Trog.
  6793 | D:9      | Reached skill level 14 in Unarmed Combat
  6933 | D:9      | Noticed a two-headed ogre
  6937 | D:9      | Killed a two-headed ogre
  7000 | D:10     | Entered Level 10 of the Dungeon
  7431 | D:9      | Reached XP level 11. HP: 93/100 MP: 10/10
  7502 | D:9      | Gained mutation: Your flesh is cold resistant. (rC+) [mutagenic meat]
  7641 | D:10     | Noticed Urug
  7656 | D:10     | Killed Urug
  7946 | D:10     | Found a portal to a secret trove of treasure.
  8232 | D:10     | Reached skill level 15 in Unarmed Combat
  8455 | D:10     | Noticed Erica
  8461 | D:10     | Killed Erica
  8819 | D:11     | Noticed Grum
  8849 | D:11     | HP: 1/101 [smoke demon/divine providence[a kobold demonologist] (12)]
  8850 | D:11     | Slain by a hellwing

Skill      XL: |  1  2  3  4  5  6  7  8  9 10 11 |
---------------+----------------------------------+-----
Dodging        | 3 4 5 6 7 |  7.0
Unarmed Combat | 5 6 8 10 12 14 15 | 15.6
Fighting       | 3 4 |  4.8
Stealth        | |  0.4

Action                   |  1- 3 |  4- 6 |  7- 9 | 10-12 || total
-------------------------+-------+-------+-------+-------++-------
Melee: Unarmed           |   101 |   148 |   213 |   451 ||   913
       Punch             |     1 |     4 |    10 |    22 ||    37
Invok: Berserk           |       |     4 |     6 |     7 ||    17
       Trog's Hand       |       |     1 |     3 |     8 ||    12
       Burn Spellbooks   |       |       |       |     1 ||     1
       Brothers in Arms  |       |       |       |     1 ||     1
  Use: Scroll            |       |       |     6 |     4 ||    10
       Potion            |       |       |       |     6 ||     6
 Stab: Sleeping          |       |     1 |     1 |     1 ||     3
       Distracted        |       |       |     1 |     2 ||     3
  Eat: Chunk             |    11 |    19 |    34 |    44 ||   108
Armor: Animal skin       |    55 |    33 |    50 |    58 ||   196
Dodge: Dodged            |    63 |    72 |    73 |   251 ||   459
